 Dungeon Crawl Stone Soup version 0.28.0-45-g0d030f2227 (webtiles) character file.

Game seed: 8154798388235308168

3018 Mesmaeker13 the Destroyer (level 9, -3/40 (45) HPs)
             Began as a Deep Elf Conjurer on May 7, 2022.
             Was an Initiate of Vehumet.
             Slain by a wyvern (12 damage)
             ... on level 8 of the Dungeon.
             The game lasted 00:15:37 (9670 turns).

Mesmaeker13 the Destroyer (Deep Elf Conjurer)       Turns: 9670, Time: 00:15:38

HP:   -3/40 (45)    AC:  5    Str:  6    XL:     9   Next: 55%
MP:   7/20          EV: 15    Int: 26    God:    Vehumet [......]
Gold: 446           SH:  0    Dex: 19    Spells: 6/21 levels left

rFire   . . .      SeeInvis .   D - +4 spear (flame)
rCold   . . .      Faith    .   (no shield)
rNeg    . . .      Spirit   .   a - +0 robe
rPois   .          Reflect  .   i - +1 hat
rElec   .          Harm     .   f - +0 cloak
rCorr   .          Rampage  .   e - +0 pair of gloves
Will    .....                   (no boots)
Stlth   ++........              (no amulet)
HPRegen 0.13/turn               k - +6 ring of dexterity
MPRegen 0.17/turn               (no ring)

@: heavily drained
A: no striking features
a: Renounce Religion


You were on level 8 of the Dungeon.
You worshipped Vehumet.
Vehumet was noncommittal.
You visited 2 branches of the dungeon, and saw 9 of its levels.
You also visited: Ossuary.

You collected 446 gold pieces.

Inventory:

Hand Weapons
 j - the +5 lajatang of Zibalu {freeze, Will++ Dex+6}
   (You took it off a centaur on level 7 of the Dungeon)

   It freezes those it strikes, dealing additional cold damage.
   It can also slow down cold-blooded creatures.
   Dex:       It affects your dexterity (+6).
   Will:      It greatly increases your willpower.
 D - a +4 spear of flaming (weapon)
Missiles
 E - 2 throwing nets (quivered)
Armour
 a - a +0 robe (worn)
 e - a +0 pair of gloves (worn)
 f - a +0 cloak (worn)
 i - a +1 hat (worn)
Jewellery
 k - a +6 ring of dexterity (left hand)
 v - a ring of fire
Wands
 p - a wand of mindburst (15)
Scrolls
 g - 2 scrolls of fog {unknown}
 h - 2 scrolls of teleportation
 l - a scroll of fear
 m - a scroll of summoning
 n - a scroll of magic mapping
 o - 2 scrolls of noise
 r - a scroll of acquirement {unknown}
 t - a scroll of blinking {unknown}
 u - a scroll of silence
 y - 3 scrolls of holy word {unknown}
 A - a scroll of amnesia {unknown}
 B - a scroll of enchant weapon {unknown}
 H - a scroll of immolation {unknown}
Potions
 b - 4 potions of lignification {unknown}
 c - a potion of attraction {unknown}
 d - 2 potions of might {unknown}
 q - 3 potions of flight {unknown}
 s - a potion of ambrosia {unknown}
 w - 2 potions of haste {unknown}
 x - 2 potions of heal wounds
 z - 2 potions of curing {unknown}
 C - a potion of invisibility {unknown}
 F - 2 potions of cancellation {unknown}
 G - a potion of berserk rage {unknown}


   Skills:
 - Level 5.1 Dodging
 - Level 2.4 Stealth
 - Level 6.6 Spellcasting
 + Level 9.2 Conjurations
 - Level 7.0 Necromancy
 + Level 6.1 Fire Magic
 - Level 4.0 Air Magic
 + Level 1.2 Earth Magic


You had 6 spell levels left.
You knew the following spells:

 Your Spells              Type           Power      Damage    Failure   Level
a - Magic Dart            Conj           100%       1d8       1%          1
b - Searing Ray           Conj           100%       2d8       1%          2
c - Corpse Rot            Necr/Air       74%        N/A       1%          2
d - Sticky Flame          Conj/Fire      48%        2d7       2%          4
e - Iron Shot             Conj/Erth      17%        9d4       75%         6

Your spell library contained the following spells:

 Spells                   Type           Power      Damage    Failure   Level
 Conjure Flame            Conj/Fire      48%        6-21      1%          3
 Dazzling Flash           Conj/Hex       64%        N/A       3%          3
 Dispel Undead            Necr           45%        3d17      3%          4
 Poisonous Vapours        Pois/Air       38%        N/A       4%          2
 Iskenderun's Battlesphe  Conj           54%        2d10      4%          5
 Ignite Poison            Fire/Tmut/Pois 19%        N/A       9%          3
 Fulminant Prism          Conj/Hex       16%        3d11      10%         4
 Iskenderun's Mystic Bla  Conj/Tloc      32%        2d8       10%         4
 Death Channel            Necr           22%        N/A       50%         6
 Lee's Rapid Deconstruct  Erth           7%         3d7*      73%         5
 Spellforged Servitor     Conj/Summ      16%        N/A       100%        7


Dungeon Overview and Level Annotations

Branches:
Dungeon (8/15)             Temple (1/1) D:5         Ossuary (visited)
   Lair: D:8-11

Altars:
Ashenzari
Cheibriados
Dithmenos
Elyvilon
Fedhas
Gozag
Hepliaklqana
Kikubaaqudgha
Makhleb
Nemelex Xobeh
Okawaru
Qazlal
Sif Muna
Trog
Uskayaw
Vehumet
Wu Jian
Xom
Yredelemnul
Zin
The Shining One

Annotations:
D:2 1 exclusion


Message History

The wyvern is severely wounded.
You finish channelling your searing ray.
The wyvern closely misses you. The wyvern bites you.
* * * LOW HITPOINT WARNING * * *
Unknown command.
Throw: 4 throwing nets
Press: ? - help, Q - select action, (/) - cycle Shift-Dir - straight line, f/p - wyvern
Aim: a wyvern (severely wounded, 60% to hit)
You throw a throwing net.
The throwing net closely misses the wyvern.
The wyvern bites you.
* * * LOW HITPOINT WARNING * * *
Throw: 3 throwing nets
Press: ? - help, Q - select action, (/) - cycle Shift-Dir - straight line, f/p - wyvern
Aim: a wyvern (severely wounded, 60% to hit)
You throw a throwing net. The throwing net hits the wyvern.
The wyvern is caught in the net!
The wyvern is severely wounded.
The wyvern struggles against the net. x2
The wyvern struggles against the net.
The wyvern struggles against the net. x2
Casting: Searing Ray (safe; 1% risk of failure)
Confirm with . or Enter, or press ? or * to list all spells.
Aiming: Searing Ray (safe; 1% risk of failure)
Press: ? - help, Shift-Dir - straight line, f/p - wyvern
Aim: a wyvern (severely wounded, entangled in a net, 100% to hit)
The searing ray hits the wyvern.
The wyvern is severely wounded. (Press . to maintain the ray.)
The wyvern struggles against the net.
The net rips apart, and the wyvern comes free!
The searing ray hits the wyvern.
The wyvern is almost dead.
The searing ray hits the wyvern but does no damage.
The wyvern is almost dead.
The wyvern closely misses you.
The searing ray misses the wyvern.
You finish channelling your searing ray.
The wyvern bites you!
You die...

#.# #.# #.# ###.# #.#
##.#.##########.
#.########.#...#.........
#..........[.....######..
##########.....#.#...#
##.#.##.#...##..
#.####.#.......
#..@l....(# ######.####
#... #####


You could see a wyvern.

Vanquished Creatures
  Prince Ribbit (D:7)
  A wyvern (D:7)
  Sigmund (D:2)
  A water moccasin (D:7)
  3 sky beasts
  2 black bears (D:6)
  2 ogres
  A centaur (D:7)
  A phantom (D:4)
  A kobold brigand (D:7)
  A gnoll sergeant (D:6)
  3 scorpions
  A water moccasin skeleton (D:3)
  A jelly (D:4)
  4 killer bees (D:8)
  4 wights (D:8)
  3 howler monkeys (D:8)
  2 centaur zombies (D:8)
  A bullfrog zombie (D:5)
  4 hounds
  Crazy Yiuf (D:7)
  2 bullfrog skeletons
  An orc priest (D:3)
  A gnoll shaman (D:4)
  2 orc wizards
  Terence (D:2)
  A killer bee zombie (D:8)
  2 hound skeletons (D:5)
  4 mummies
  5 adders
  15 gnolls
  A white imp (D:5)
  An ufetubus (D:5)
  An adder zombie (Ossuary)
  A worm (D:2)
  2 dart slugs
  5 orcs
  6 ball pythons
  3 endoplasms
  2 giant cockroaches
  4 goblins
  2 hobgoblins (D:4)
  17 kobolds
  5 quokkas
  5 bats
  3 frilled lizards
  3 goblin zombies (Ossuary)
  2 hobgoblin zombies (Ossuary)
  4 kobold zombies (Ossuary)
  5 quokka zombies (Ossuary)
  7 rats
  3 rat zombies (Ossuary)
155 creatures vanquished.

Vanquished Creatures (others)
  A human (D:4)
1 creature vanquished.

Grand Total: 156 creatures vanquished

Notes
Turn   | Place    | Note
-------+----------+-------------------------------------------
     0 | D:1      | Mesmaeker13 the Deep Elf Conjurer began the quest for the
                  | Orb.
     0 | D:1      | Reached XP level 1. HP: 10/10 MP: 6/6
   474 | D:1      | Reached XP level 2. HP: 15/15 MP: 5/8
   525 | D:1      | Found a faded altar of an unknown god.
   936 | D:2      | Learned a level 2 spell: Searing Ray
  1332 | D:2      | Reached XP level 3. HP: 19/19 MP: 6/10
  1480 | D:2      | Reached skill level 5 in Conjurations
  1856 | D:2      | Reached XP level 4. HP: 24/24 MP: 6/12
  2076 | D:2      | Noticed Terence
  2084 | D:2      | Killed Terence
  2153 | D:2      | Noticed Sigmund
  2178 | D:3      | Noticed a scorpion
  2275 | D:3      | Reached XP level 5. HP: 20/28 MP: 5/14
  2405 | D:3      | Reached skill level 5 in Spellcasting
  2714 | D:3      | Reached XP level 6. HP: 15/32 MP: 10/16
  3165 | D:4      | Reached skill level 5 in Dodging
  3165 | D:4      | Reached skill level 6 in Conjurations
  3168 | D:4      | Learned a level 2 spell: Corpse Rot
  3342 | D:4      | Reached skill level 1 in Necromancy
  3488 | D:4      | Reached skill level 1 in Air Magic
  3503 | D:4      | Reached XP level 7. HP: 36/36 MP: 2/18
  4012 | D:4      | Found an ancient bone altar of Kikubaaqudgha.
  4013 | D:4      | Noticed a human
  4016 | D:4      | Killed a human
  4114 | D:5      | Entered Level 5 of the Dungeon
  4431 | D:5      | Found a sand-covered staircase.
  4482 | Ossuary  | Entered an ossuary
  4654 | Ossuary  | Learned a level 4 spell: Sticky Flame
  5362 | D:5      | Reached skill level 1 in Fire Magic
  5631 | D:5      | Found a staircase to the Ecumenical Temple.
  5640 | Temple   | Entered the Ecumenical Temple
  5858 | D:6      | Found a radiant altar of Vehumet.
  5858 | D:6      | Found a hazy altar of Hepliaklqana.
  5858 | D:6      | Found a burning altar of Makhleb.
  5871 | D:6      | Reached skill level 7 in Conjurations
  5871 | D:6      | Reached XP level 8. HP: 41/41 MP: 11/19
  5987 | D:6      | Found a broken altar of Ashenzari.
  5988 | D:6      | Found an ornate altar of the Wu Jian Council.
  6880 | D:6      | Found a sparkling altar of Nemelex Xobeh.
  6884 | D:6      | Found a glowing golden altar of the Shining One.
  6895 | D:6      | Became a worshipper of Vehumet
  6905 | D:6      | Found a white marble altar of Elyvilon.
  6906 | D:6      | Found a blossoming altar of Fedhas.
  7233 | D:2      | Killed Sigmund
  7565 | D:7      | Reached skill level 5 in Necromancy
  7584 | D:7      | Reached skill level 8 in Conjurations
  7603 | D:7      | Identified the +5 lajatang of Zibalu {freeze, Will++ Dex+6}
  7989 | D:7      | Reached XP level 9. HP: 40/45 MP: 14/20
  8039 | D:7      | Noticed Prince Ribbit
  8049 | D:7      | Killed Prince Ribbit
  8179 | D:7      | Reached skill level 5 in Fire Magic
  8508 | D:7      | Found a runed translucent door.
  8509 | D:7      | Noticed Crazy Yiuf
  8515 | D:7      | Killed Crazy Yiuf
  8878 | D:8      | Reached skill level 9 in Conjurations
  9010 | D:8      | Identified the +1 helmet "Aluckisch" {rF+ Will+}
  9081 | D:8      | Learned a level 6 spell: Iron Shot
  9111 | D:8      | Found a stormy altar of Qazlal.
  9149 | D:8      | Noticed a cyclops
  9215 | D:8      | Reached skill level 1 in Earth Magic
  9670 | D:8      | Slain by a wyvern

Illustrated notes

Levels and vault maps discovered:
D:1:      saegor_arrival_fortress, layout_loops_cross,
          ebering_ecumenical_altar_sacrificial
D:2:      layout_basic, uniq_terence, uniq_sigmund
D:3:      layout_rooms, kennysheep_nondescript
D:4:      layout_gridville, tgw_kikubaaqudgha
D:5:      layout_cave_pools, lemuel_temple_firewalk_b, gup_ossuary_entry_pyramid
D:6:      black_bear_nest_2, layout_loops_ring,
          nicolae_overflow_hallway_of_the_gods, cheibrodos_ashenzari_chains,
          nzn_wu_jian_contemplation, item_on_display_a
D:7:      layout_basic, uniq_crazy_yiuf_cottage, uniq_prince_ribbit1
D:8:      layout_loops_corners, grunt_qazlal_clouds,
          onia_ninara_dug_in_and_dangerous
Temple:   eino_wide_crystal_templ

Skill      XL: |  1  2  3  4  5  6  7  8  9 |
---------------+----------------------------+-----
Dodging        | 3 4 5 |  5.1
Spellcasting   | 4 5 6 |  6.6
Conjurations   | 5 6 7 8 9 |  9.2
Necromancy     | 1 3 5 7 |  7.0
Air Magic      | 1 2 4 |  4.0
Fire Magic     | 2 4 6 |  6.1
Earth Magic    | 1 |  1.2
Stealth        | |  2.4

Action                   |  1- 3 |  4- 6 |  7- 9 || total
-------------------------+-------+-------+-------++-------
Melee: Mace              |       |       |    13 ||    13
       Punch             |       |       |     1 ||     1
       Spear             |       |       |     1 ||     1
Throw: Throwing net      |       |       |     9 ||     9
 Cast: Magic Dart        |    47 |    58 |   174 ||   279
       Searing Ray       |     4 |    11 |    40 ||    55
       Corpse Rot        |       |     1 |       ||     1
       Sticky Flame      |       |       |     2 ||     2
Evoke: Wand              |       |       |     9 ||     9
  Use: Scroll            |       |       |     6 ||     6
Armor: Robe              |       |       |    16 ||    16
Dodge: Dodged            |     7 |    14 |    65 ||    86
